 Dungeon Crawl Stone Soup version 0.26-a0-651-gb41185065b (webtiles) character file.

Game seed: 11861653214947463897

223152 Irenicus the Metallomancer (level 18, -3/152 HPs)
             Began as a Deep Dwarf Earth Elementalist on Sept 29, 2020.
             Was the Champion of Makhleb.
             Killed by the raging water
             ... invoked by a water nymph
              (16 damage)
             ... on level 4 of the Shoals.
             The game lasted 03:34:25 (17017 turns).

Irenicus the Metallomancer (DDEE)                  Turns: 17017, Time: 03:34:26

Health: -3/152     AC: 10    Str: 16    XL:     18   Next: 55%
Magic:  19/40 (31) EV: 17    Int: 29    God:    Makhleb [******]
Gold:   3337       SH: 34    Dex: 16    Spells: 7/37 levels left

rFire    + + +     SeeInvis .   t - +5 quick blade (venom)
rCold    x . .     Faith    .   X - +7 tower shield of Fyckofyd {rC+ rN+ Regen+}
rNeg     + + .     Spirit   .   d - +3 salamander hide armour {Flames rF++ rC--}
rPois    +         Reflect  +   Y - +0 hat "Suaverr" {rPois MR+ Dex+3}
rElec    +         Harm     .   G - scarf {repulsion}
rCorr    .         Rampage  .   e - +1 pair of gloves "Meny Hyur" {rF+ Int+7 Stlth+}
MR       +++..                  q - +1 pair of boots
Stlth    +++.......             n - amulet of reflection
HPRegen  0.00/turn              J - ring of magical power {MP+9}
MPRegen  0.27/turn              R - ring of Juny {rElec Str+4 Int-2 Slay+4}

@: non-regenerating, repel missiles, very slow
A: damage resistance, heal wounds, horns 1, negative energy resistance 1, sense
surroundings 3, robust 1, no regeneration
}: 1/15 runes: serpentine
a: Heal Wounds, Minor Destruction, Lesser Servant of Makhleb, Major Destruction,
Greater Servant of Makhleb, Renounce Religion


You were on level 4 of the Shoals.
You worshipped Makhleb.
Makhleb was exalted by your worship.
You visited 6 branches of the dungeon, and saw 30 of its levels.
You also visited: Trove, Ossuary, Gauntlet and Ice Cave.

You collected 4431 gold pieces.
You spent 1094 gold pieces at shops.

Inventory:

Hand Weapons
 t - a +5 quick blade of venom (weapon)
   (You found it in a Gauntlet)
Missiles
 M - 260 stones (quivered)
Armour
 d - the +3 salamander hide armour (worn) {Flames rF++ rC--}
   (You found it in a treasure trove)

   It greatly protects you from fire.
   It makes you very vulnerable to cold.
 e - the +1 pair of gloves "Meny Hyur" (worn) {rF+ Int+7 Stlth+}
   (You bought it in a shop on level 2 of the Orcish Mines)

   It affects your intelligence (+7).
   It protects you from fire.
   It makes you more stealthy.
 q - a +1 pair of boots (worn)
   (You found it on level 5 of the Dungeon)
 G - a scarf of repulsion (worn)
   (You found it on level 6 of the Dungeon)
 X - the +7 tower shield of Fyckofyd (worn) {rC+ rN+ Regen+}
   (You took it off a minotaur in a Gauntlet)

   It protects you from cold.
   It protects you from negative energy.
   It increases your rate of regeneration.
 Y - the +0 hat "Suaverr" (worn) {rPois MR+ Dex+3}
   (You found it in a Gauntlet)

   It affects your dexterity (+3).
   It protects you from poison.
   It affects your resistance to hostile enchantments.
Magical Staves
 w - an uncursed staff of cold {rC+}
   (You found it in a Gauntlet)
 C - an uncursed staff of earth
   (You found it on level 2 of the Snake Pit)
Jewellery
 b - an uncursed ring of resist corrosion
   (You found it in an ossuary)
 n - an amulet of reflection (around neck)
   (You found it on level 2 of the Lair of Beasts)
 x - the ring "Niyxzod" {rElec rF+ EV-4 Int+3 SInv}
   (You found it in a Gauntlet)

   [ring of evasion]

   It affects your evasion (-4).
   It affects your intelligence (+3).
   It protects you from fire.
   It insulates you from electricity.
   It lets you see invisible.
 F - an uncursed ring of positive energy {rN+}
   (You found it in an ice cave)
 H - the ring of the Cockroach {+Fly rC+}
   (You found it in a treasure trove)

   [ring of protection from cold]

   It protects you from cold.
   It lets you fly.
 J - a ring of magical power (left hand) {MP+9}
   (You took it off an orc on level 8 of the Dungeon)
 R - the ring of Juny (right hand) {rElec Str+4 Int-2 Slay+4}
   (You found it in a treasure trove)

   [ring of slaying]

   It affects your strength (+4).
   It affects your intelligence (-2).
   It affects your accuracy and damage with ranged weapons and melee attacks
   (+4).
   It insulates you from electricity.
 W - an uncursed ring of poison resistance {rPois, !d}
   (You found it on level 12 of the Dungeon)
Wands
 c - a wand of digging (22)
   (You found it on level 12 of the Dungeon)
 u - a wand of iceblast (11)
   (You found it in a Gauntlet)
 E - a wand of acid (10)
   (You took it off a centaur on level 6 of the Dungeon)
Scrolls
 a - 4 scrolls of identify
 f - 11 scrolls of remove curse
 m - 7 scrolls of enchant armour
 y - 3 scrolls of holy word {!r}
 B - a scroll of summoning
 D - 2 scrolls of fear
 I - 6 scrolls of teleportation
 K - 4 scrolls of vulnerability {!r!r}
 Q - 2 scrolls of immolation {!r}
 S - 4 scrolls of acquirement
 T - 3 scrolls of magic mapping {!r}
Potions
 g - 4 potions of haste
 h - 13 potions of curing
 i - 4 potions of invisibility
 j - 4 potions of stabbing
 l - a potion of resistance
 o - 3 potions of lignification {!q}
 p - 7 potions of mutation {!q}
 r - a potion of cancellation
 s - 2 potions of berserk rage {!q}
 v - 4 potions of magic
 z - 8 potions of ambrosia
 A - 3 potions of might
 L - a potion of brilliance
 U - 3 potions of heal wounds
Miscellaneous
 k - a phial of floods
   (You found it on level 10 of the Dungeon)
 N - a condenser vane (2/2)
   (You found it on level 9 of the Dungeon)
 O - a phantom mirror
   (You found it on level 2 of the Snake Pit)
 P - a tin of tremorstones (1/3)
   (You found it in a Gauntlet)
 V - a lightning rod (3/4)
   (You found it in a treasure trove)
 Z - a phantom mirror
   (You found it on level 6 of the Lair of Beasts)


   Skills:
 - Level 3.2 Fighting
 - Level 4.1 Short Blades
 - Level 9.0 Dodging
 - Level 12.2 Stealth
 * Level 20.6 Shields
 - Level 10.2 Spellcasting
 - Level 7.1 Conjurations
 - Level 4.1 Translocations
 - Level 8.0 Transmutations
 - Level 21.5 Earth Magic
 - Level 2.1 Evocations


You had 7 spell levels left.
You knew the following spells:

 Your Spells              Type           Power        Failure   Level
a - Sandblast             Erth           ######       0%          1
b - Blink                 Tloc           N/A          2%          2
c - Petrify               Tmut/Erth      #######.     1%          4
d - Iron Shot             Conj/Erth      #######...   3%          6
e - Statue Form           Tmut/Erth      #######..    2%          6
g - Apportation           Tloc           #####.       1%          1
w - Passwall              Tmut/Erth      #######.     1%          2
x - Stone Arrow           Conj/Erth      ######       1%          3
z - Lee's Rapid Deconstr  Erth           #######...   1%          5

Your spell library contained the following spells:

 Spells                   Type           Power        Failure   Level
 Magic Dart               Conj           ####         1%          1
 Shock                    Conj/Air       ####         1%          1
 Searing Ray              Conj           ######       1%          2
 Leda's Liquefaction      Hex/Erth       ######....   1%          4
 Gell's Gravitas          Tloc           #####.....   4%          3
 Bolt of Magma            Conj/Fire/Erth #######...   4%          5
 Conjure Flame            Conj/Fire      ######..     5%          3
 Dazzling Flash           Conj/Hex       #####.       5%          3
 Static Discharge         Conj/Air       #####...     5%          3
 Animate Skeleton         Necr           ##....       8%          1
 Corona                   Hex            ##.....      8%          1
 Pain                     Necr           ##..         8%          1
 Summon Small Mammal      Summ           ##..         8%          1
 Ignite Poison            Fire/Tmut/Pois #####...     8%          3
 Mephitic Cloud           Conj/Pois/Air  ####....     9%          3
 Portal Projectile        Hex/Tloc       ####..       10%         3
 Irradiate                Conj/Tmut      ######....   10%         5
 Call Imp                 Summ           ##......     12%         2
 Corpse Rot               Necr/Air       N/A          12%         2
 Ensorcelled Hibernation  Hex/Ice        ##....       12%         2
 Slow                     Hex            ##......     12%         2
 Sublimation of Blood     Necr           ##........   12%         2
 Swiftness                Air            ##......     12%         2
 Fulminant Prism          Conj/Hex       #####.....   19%         4
 Sticky Flame             Conj/Fire      ######..     19%         4
 Call Canine Familiar     Summ           ##......     24%         3
 Confusing Touch          Hex            ##......     24%         3
 Inner Flame              Hex/Fire       ###.....     24%         3
 Summon Guardian Golem    Hex/Summ       ##......     24%         3
 Tukima's Dance           Hex            ##......     24%         3
 Vampiric Draining        Necr           ##........   24%         3
 Alistair's Intoxication  Tmut/Pois      #####....    38%         5
 Lightning Bolt           Conj/Air       #####.....   45%         5
 Airstrike                Air            ##........   61%         4
 Animate Dead             Necr           ##........   61%         4
 Summon Ice Beast         Ice/Summ       ##......     61%         4
 Summon Lightning Spire   Summ/Air       ##......     61%         4
 Agony                    Necr           ##......     91%         5
 Silence                  Hex/Air        ##........   91%         5
 Dispersal                Tloc           #####.....   92%         6
 Eringya's Noxious Bog    Tmut/Pois      #####.....   93%         6
 Conjure Ball Lightning   Conj/Air       #####.....   95%         6
 Starburst                Conj/Fire      ######....   95%         6
 Shatter                  Erth           #######...   75%         9
 Disjunction              Tloc           #####.....   100%        8
 Tornado                  Air            ##........   100%        9


Dungeon Overview and Level Annotations

Branches:
Dungeon (13/15)            Temple (1/1) D:6            Lair (6/6) D:10
 Shoals (4/4) Lair:3        Snake (4/4) Lair:4        Slime (0/5) Lair:5
    Orc (2/2) D:12            Elf (0/3) Orc:2       Ossuary (visited)
  IceCv (visited)         Gauntlet (visited)
 Vaults: D:13-14

Altars:
Kikubaaqudgha
Makhleb
Nemelex Xobeh
Trog
Uskayaw
Xom
Yredelemnul
Zin

Shops:
D:11 *   Orc:2 *(?[:([

Annotations:
D:8 3 runed translucent doors - mutation pot, exclusion: 3 doors
D:11 1 runed translucent door - manual longsword, exclusion: door, Mamibb's ghost, journeyman FoFi
Lair:2 exclusion: 4 oklob plants
Orc:2 necro book - stealth manual


Innate Abilities, Weirdness & Mutations

You are resistant to damage.
You can heal yourself by infusing magical energy.
You resist negative energy. (rN+)
You passively map a large area around you.
You do not regenerate.
You have a pair of small horns on your head.
You are robust. (+10% HP)


Message History

The water swirls and strikes you!!
You block the merfolk impaler's attack. x2
The merfolk impaler is engulfed in blazing flames.
The merfolk impaler barely misses you.
The merfolk javelineer throws a javelin.
The javelin barely misses you.
You hear a splash.
The merfolk aquamancer is engulfed in blazing flames.
The merfolk aquamancer closely misses you.
The merfolk impaler hits you but does no damage.
The merfolk aquamancer is engulfed in blazing flames.
The merfolk aquamancer hits you with a +3 rapier of speed!
You see here 2 javelins.
You take 28 damage, and have 106/152 hp.
Evoke which item? (* to show all) (? for menu, Esc to quit)
The tremorstone explodes into fragments!
The burst of rock shards engulfs the snapping turtle!
The burst of rock shards engulfs the water nymph!
The burst of rock shards engulfs the merfolk javelineer!
The burst of rock shards engulfs the merfolk impaler!
You hear a shout!
The manticore is engulfed in blazing flames.
You block the manticore's attack. x3
The water nymph points at you and mumbles some strange words.
The water swirls and strikes you!!
The merfolk impaler is engulfed in blazing flames.
The merfolk impaler hits you but does no damage.
You block the merfolk impaler's attack. The snapping turtle closely misses you.
The merfolk javelineer throws a javelin.
The javelin pierces through you!
You hear a splash.
The merfolk impaler closely misses you.
The merfolk impaler hits you from afar with a +5 vorpal trident!
The merfolk impaler is engulfed in blazing flames.
The merfolk impaler hits you with a +0 demon trident of venom.
The merfolk aquamancer is engulfed in blazing flames.
You block the merfolk aquamancer's attack.
The merfolk aquamancer is engulfed in blazing flames.
The merfolk aquamancer hits you but does no damage.
You take 51 damage, and have 55/152 hp.
MASSIVE DAMAGE!!
The manticore is engulfed in blazing flames.
The water nymph is engulfed in blazing flames.
The water nymph gestures at you while chanting.
The water swirls and strikes you!!
* * * LOW HITPOINT WARNING * * *
The merfolk impaler is engulfed in blazing flames.
You kill the merfolk impaler!
Makhleb accepts your kill.
You feel better.
You hear a splash. x2
The merfolk impaler is engulfed in blazing flames.
You block the merfolk impaler's attack.
The merfolk impaler is engulfed in a cloud of scalding steam.
You block the merfolk impaler's attack.
The merfolk javelineer is engulfed in blazing flames.
The merfolk javelineer throws a javelin.
The javelin completely misses you.
The javelin pierces through the manticore!
The manticore dies!
You hear a splash.
You block the snapping turtle's attack. x2
The merfolk aquamancer is engulfed in blazing flames.
The merfolk aquamancer misses you.
The merfolk aquamancer is engulfed in blazing flames.
The merfolk aquamancer hits you with a +0 rapier.
The merfolk impaler is engulfed in blazing flames.
The merfolk impaler hits you with a +0 trident!!
* * * LOW HITPOINT WARNING * * *
The water nymph is engulfed in blazing flames.
The water nymph misses you.
The merfolk impaler is engulfed in a cloud of scalding steam.
You block the merfolk impaler's attack.
The snapping turtle closely misses you. x2
You take 21 damage, and have 34/152 hp.
Evoke which item? (* to show all) (? for menu, Esc to quit)
Aiming: Thunderbolt
Press: ? - help, Shift-Dir - straight line, f - merfolk aquamancer
Aim: a merfolk aquamancer, wielding a +3 rapier of speed and wearing a +0 robe (flame, severely wounded)
Okay, then.
Evoke which item? (* to show all) (? for menu, Esc to quit)
Press: ? - help, Shift-Dir - straight line, f - merfolk aquamancer
Aim: a merfolk aquamancer, wielding a +0 rapier and wearing a +0 robe (almost dead)
The thunderbolt hits the merfolk aquamancer!
You kill the merfolk aquamancer!
Makhleb accepts your kill.
You hear a splash. x2
The thunderbolt hits the merfolk impaler!
The merfolk impaler is moderately wounded.
The merfolk javelineer is engulfed in blazing flames.
The merfolk javelineer throws a javelin.
The javelin barely misses you.
You hear a splash.
The merfolk aquamancer is engulfed in blazing flames.
The merfolk aquamancer hits you but does no damage.
The merfolk impaler is engulfed in blazing flames.
The merfolk impaler hits you with a +0 trident!!
* * * LOW HITPOINT WARNING * * *
The merfolk impaler misses you.
The water nymph is engulfed in blazing flames.
The water nymph gestures at you while chanting.
The water swirls and strikes you!!
You die...

≈≈≈≈≈≈≈≈≈≈≈≈≈≈≈≈≈≈≈≈ ≈≈
≈≈≈≈≈≈≈≈≈≈≈≈≈≈≈≈≈≈≈≈≈ ≈≈
≈≈≈≈≈≈≈≈≈≈≈≈≈≈≈≈≈≈≈≈ ≈≈
≈
≈≈≈≈≈≈≈≈≈≈≈≈≈≈≈≈≈#####≈
≈≈≈≈≈≈≈≈≈≈≈.≈≈≈≈≈##≈.≈##
≈≈≈≈≈≈≈≈≈....≈≈≈#.≈).≈#
≈≈≈≈##°##.....≈#.≈|))' ≈
≈≈ ##°○t##.....#.....# ≈
#m@○m.#.....##...## ≈≈≈
#mmm§.#......#####. ≈
≈≈#.t≈≈.#............ ≈≈
≈ ≈≈##≈≈≈##............
≈#####≈............ ≈
≈≈≈≈≈........... ≈
≈≈≈≈≈≈......... ≈≈
≈≈≈≈####....... ≈ ≈≈
≈≈≈≈# ≈≈≈#.....


You could see 2 merfolk impalers, a merfolk javelineer, a merfolk aquamancer, 2
snapping turtles and a water nymph.

Vanquished Creatures
  Saint Roka (Orc:2)
  Nikola (Shoals:4)
  Jorgrun (Shoals:2)
  Kirke (Snake:2)
  7 nagarajas
  Aizul (Shoals:1)
  Louise (Shoals:1)
  2 very ugly things (IceCv)
  The ghost of Omnoiq the Spear-Bearer, a journeyman DrIE of Sif Muna (Lair:6)
  A minotaur (Gauntlet)
  Snorg (Lair:5)
  3 merfolk impalers
  19 naga warriors
  4 hydras
  An ice dragon (Lair:6)
  2 merfolk avatars
  An alligator snapping turtle (Shoals:3)
  A catoblepas (Lair:2)
  A ghost crab (Gauntlet)
  An ogre mage (D:13)
  2 centaur warriors
  6 merfolk aquamancers
  6 two-headed ogres
  9 anacondas
  6 death yaks
  A tengu warrior (D:13)
  15 naga sharpshooters
  2 satyrs
  A dancing weapon (Lair:6)
  4 orc high priests
  11 shock serpents
  5 salamander mystics
  7 sea snakes
  An orange crystal statue (D:11)
  13 naga ritualists
  3 unseen horrors
  An obsidian statue (D:11)
  10 harpies
  16 mana vipers
  5 orc knights
  6 deep elf magi
  An orc sorcerer (Orc:2)
  4 manticores
  8 ugly things (Shoals:1)
  13 fauns
  5 cyclopes
  18 salamanders
  6 ice statues
  6 elephants
  2 water nymphs
  11 cane toads
  7 guardian serpents
  4 merfolk sirens
  41 black mambas
  20 naga magi
  A torpor snail (Lair:5)
  5 komodo dragons
  A rime drake (Lair:2)
  3 gargoyles
  3 kobold demonologists
  A tengu conjurer (D:13)
  15 merfolk
  A queen bee (Lair:2)
  4 trolls
  A meliai (D:10)
  7 polar bears
  3 slime creatures
  2 wind drakes
  9 hornets
  12 hippogriffs
  20 blink frogs
  6 snapping turtles
  9 dream sheep
  3 shadows (Gauntlet)
  Sigmund (D:6)
  2 dire elephant simulacra (IceCv)
  A hog (Snake:2)
  50 yaks
  12 spriggans (Lair:6)
  5 wyverns
  8 basilisks
  A water elemental (Shoals:2)
  Menkaure (D:6)
  3 iron troll simulacra (IceCv)
  3 harpy simulacra (IceCv)
  91 nagas
  3 steam dragons
  6 wargs
  A hydra simulacrum (IceCv)
  6 water moccasins
  9 porcupines
  31 orc warriors
  2 hornet zombies
  12 ice beasts
  3 sky beasts
  3 phantoms
  3 black bears (Lair:6)
  57 wolves
  19 ogres
  4 boggarts (Lair:6)
  16 centaurs
  10 crocodiles
  A big kobold (D:13)
  11 bullfrogs
  A gnoll sergeant (D:6)
  2 elf skeletons (D:7)
  3 wyvern skeletons
  15 scorpions
  36 killer bees
  3 howler monkeys
  13 wights
  2 bullfrog zombies
  A human zombie (Ossuary)
  2 centaur zombies
  A gnoll shaman (D:6)
  5 hounds
  33 orc priests
  A human skeleton (D:7)
  14 jellies
  21 orc wizards
  2 bullfrog skeletons
  6 centaur skeletons
  4 iguanas
  14 worker ants
  2 killer bee zombies
  5 big kobold zombies (Ossuary)
  3 mummies (Ossuary)
  10 gnolls
  5 scorpion zombies (Ossuary)
  5 adders
  2 shadow imps
  4 white imps
  An ufetubus (D:6)
  13 oozes
  An adder zombie (D:10)
  2 worms
  4 dart slugs
  5 leopard geckos
  80 orcs
  4 giant cockroaches
  4 gnoll zombies (Ossuary)
  5 goblins
  2 hobgoblins (D:1)
  9 jackals
  A quokka (D:5)
  4 ball pythons
  6 bats
  6 frilled lizards
  A goblin zombie (Ossuary)
  A hobgoblin zombie (Ossuary)
  9 kobolds
  A kobold zombie (Ossuary)
  2 leopard gecko skeletons (D:5)
  An orc skeleton (D:7)
  3 orc zombies
  10 bushes (Lair:1)
1198 creatures vanquished.

Vanquished Creatures (others)
  Ilsuiw (Shoals:2)
  A nagaraja (Snake:4)
  A naga sharpshooter (Snake:4)
  A manticore (Shoals:4)
  A human (Snake:2)
  A naga (Snake:4)
  A gnoll zombie (Ossuary)
  A bush (Lair:1)
  87 fungi
  200 plants
  16 withered plants (Gauntlet)
311 creatures vanquished.

Grand Total: 1509 creatures vanquished

Notes
Turn   | Place    | Note
-------+----------+-------------------------------------------
     0 | D:1      | Irenicus the Deep Dwarf Earth Elementalist began the quest
                  | for the Orb.
     0 | D:1      | Reached XP level 1. HP: 15/15 MP: 3/3
    85 | D:1      | Reached skill level 2 in Spellcasting
   112 | D:1      | Reached XP level 2. HP: 22/22 MP: 1/5
   539 | D:2      | Learned a level 2 spell: Passwall
   569 | D:2      | Reached XP level 3. HP: 11/28 MP: 4/6
   650 | D:2      | Reached skill level 5 in Earth Magic
  1008 | D:3      | Found an ancient bone altar of Kikubaaqudgha.
  1008 | D:3      | Found a hide-covered altar of Uskayaw.
  1008 | D:3      | Found a bloodstained altar of Trog.
  1242 | D:3      | Reached XP level 4. HP: 13/36 MP: 5/8
  1426 | D:4      | Reached skill level 3 in Spellcasting
  1520 | D:4      | Reached skill level 6 in Earth Magic
  1520 | D:4      | Reached XP level 5. HP: 14/42 MP: 5/10
  1536 | D:4      | Found a burning altar of Makhleb.
  1539 | D:4      | HP: 8/42 [hound (5)]
  1545 | D:4      | Became a worshipper of Makhleb the Destroyer
  1644 | D:4      | Reached skill level 7 in Earth Magic
  1667 | D:4      | HP: 4/42 [orc wizard/magic dart (4)]
  1686 | D:4      | Reached XP level 6. HP: 32/49 MP: 1/11
  1779 | D:4      | Reached skill level 8 in Earth Magic
  1784 | D:4      | Learned a level 3 spell: Stone Arrow
  1790 | D:4      | Learned a level 5 spell: Lee's Rapid Deconstruction
  1824 | D:4      | Gained mutation: Your magical capacity is low. (-10% MP)
                  | [potion of mutation]
  1824 | D:4      | Gained mutation: You have a pair of small horns on your
                  | head. [potion of mutation]
  1824 | D:4      | Gained mutation: Your body sometimes deteriorates upon
                  | taking damage. [potion of mutation]
  1824 | D:4      | Gained mutation: You are partially covered in molten
                  | scales. (AC +2) [potion of mutation]
  1828 | D:4      | Reached * piety under Makhleb
  1828 | D:4      | Reached skill level 9 in Earth Magic
  1829 | D:4      | HP: 11/49 [ogre/+0 giant club (9)]
  1830 | D:4      | Reached XP level 7. HP: 12/55 MP: 0/10
  1907 | D:5      | Entered Level 5 of the Dungeon
  2148 | D:5      | Reached skill level 1 in Conjurations
  2148 | D:5      | Reached skill level 10 in Earth Magic
  2230 | D:5      | Reached skill level 2 in Conjurations
  2396 | D:5      | Reached skill level 3 in Conjurations
  2419 | D:6      | Reached XP level 8. HP: 27/62 MP: 7/11
  2510 | D:6      | Reached skill level 4 in Spellcasting
  2542 | D:6      | Reached ** piety under Makhleb
  2556 | D:6      | Identified the Compendium of Scorching Flight
  2591 | D:6      | Reached skill level 4 in Conjurations
  2725 | D:6      | Found a staircase to the Ecumenical Temple.
  2746 | D:6      | Noticed Menkaure
  2751 | D:6      | Killed Menkaure
  2758 | D:6      | Noticed Sigmund
  2769 | D:6      | Killed Sigmund
  2769 | D:6      | Reached skill level 5 in Spellcasting
  2769 | D:6      | Reached skill level 5 in Conjurations
  2853 | D:6      | Reached skill level 11 in Earth Magic
  2951 | Temple   | Entered the Ecumenical Temple
  2963 | D:7      | Gained mutation: You passively map the area around you.
                  | [Deep Dwarf growth]
  2963 | D:7      | Reached XP level 9. HP: 46/68 MP: 7/15
  3011 | D:7      | Noticed a two-headed ogre
  3096 | D:7      | Reached skill level 12 in Earth Magic
  3357 | D:7      | Reached skill level 3 in Stealth
  3359 | D:7      | Found a sand-covered staircase.
  3369 | Ossuary  | Entered an ossuary
  3382 | Ossuary  | Reached skill level 4 in Stealth
  3472 | Ossuary  | Reached skill level 5 in Stealth
  3717 | Ossuary  | Reached *** piety under Makhleb
  3768 | Ossuary  | Reached skill level 6 in Spellcasting
  4160 | D:7      | Killed a two-headed ogre
  4160 | D:7      | Reached skill level 7 in Spellcasting
  4160 | D:7      | Reached XP level 10. HP: 75/75 MP: 8/19
  4312 | D:8      | Found a runed translucent gate.
  4312 | D:8      | Found a runed translucent gate.
  4312 | D:8      | Found a runed translucent gate.
  4312 | D:8      | Noticed a brown very ugly thing
  4312 | D:8      | Noticed a green ugly thing
  4312 | D:8      | Noticed a purple ugly thing
  4312 | D:8      | Noticed a brown ugly thing
  4312 | D:8      | Noticed a brown ugly thing
  4354 | D:8      | Reached skill level 8 in Spellcasting
  4444 | D:8      | Reached **** piety under Makhleb
  4708 | D:8      | Reached skill level 9 in Spellcasting
  4780 | D:9      | Found a sparkling altar of Nemelex Xobeh.
  5003 | D:9      | Found a glowing silver altar of Zin.
  5053 | D:10     | Entered Level 10 of the Dungeon
  5053 | D:10     | Noticed a gargoyle
  5053 | D:10     | Noticed a two-headed ogre
  5055 | D:10     | Killed a gargoyle
  5055 | D:10     | Reached skill level 3 in Dodging
  5055 | D:10     | Reached skill level 6 in Stealth
  5058 | D:10     | Killed a two-headed ogre
  5058 | D:10     | Reached skill level 4 in Dodging
  5058 | D:10     | Reached skill level 7 in Stealth
  5117 | D:10     | Noticed a deep elf mage
  5117 | D:10     | Noticed a deep elf mage
  5118 | D:10     | Noticed a deep elf mage
  5124 | D:10     | Killed a deep elf mage
  5124 | D:10     | Reached skill level 5 in Dodging
  5125 | D:10     | Killed a deep elf mage
  5125 | D:10     | Reached skill level 8 in Stealth
  5125 | D:10     | Reached XP level 11. HP: 77/81 MP: 3/21
  5150 | D:10     | Killed a deep elf mage
  5150 | D:10     | Reached skill level 9 in Stealth
  5174 | D:10     | Irenicus: ?? wizardry
  5174 | D:10     | beem: wizardry[1/2]: Makes spellcasting less likely to
                  | fail. Comes in staff and ring form. Stacks, but not very
                  | well. Vehumet grants a similar boost to {destructive
                  | spells}, which stacks well with regular wizardry.
  5199 | D:10     | Noticed a centaur warrior
  5200 | D:10     | Noticed a deep elf mage
  5202 | D:10     | Killed a deep elf mage
  5202 | D:10     | Reached skill level 6 in Dodging
  5202 | D:10     | Killed a centaur warrior
  5202 | D:10     | Reached skill level 7 in Dodging
  5236 | D:10     | Learned a level 2 spell: Blink
  5275 | D:10     | Killed an unseen horror
  5275 | D:10     | Reached skill level 1 in Translocations
  5298 | D:10     | Reached skill level 2 in Translocations
  5366 | D:10     | Noticed a two-headed ogre
  5370 | D:10     | Killed a two-headed ogre
  5370 | D:10     | Reached skill level 8 in Dodging
  5376 | D:10     | Reached ***** piety under Makhleb
  5585 | D:10     | Reached skill level 13 in Earth Magic
  5623 | D:10     | Found a staircase to the Lair.
  5674 | D:10     | Killed an unseen horror
  5674 | D:10     | Reached skill level 9 in Dodging
  5925 | D:11     | Noticed an orange crystal statue
  5959 | D:11     | Found Iviratt's Assorted Antiques.
  5965 | D:11     | Bought a yellowed book for 360 gold pieces
  5967 | D:11     | Learned a level 1 spell: Apportation
  5974 | D:11     | Learned a level 6 spell: Iron Shot
  5995 | D:11     | Got a shimmering buckler
  6001 | D:11     | Identified the +3 buckler of the Ward {Str+4} (You found it
                  | on level 11 of the Dungeon)
  6062 | D:11     | Found a runed translucent door.
  6065 | D:11     | Noticed Mamibb's ghost (journeyman FoFi)
  6077 | D:11     | Reached skill level 10 in Stealth
  6087 | D:11     | Reached skill level 1 in Shields
  6092 | D:11     | Reached skill level 2 in Shields
  6155 | D:11     | Killed an unseen horror
  6155 | D:11     | Reached skill level 3 in Shields
  6156 | D:11     | Irenicus: ?? cross training
  6156 | D:11     | beem: cross training[1/2]: 40% of the skill points (not
                  | levels!) in any weapon skill is used to boost the
                  | cross-trained skill for free. Short <-> Long Blades, Maces <->
                  | Axes, Axes <-> Polearms, Polearms <-> Staves, Maces <-> Staves,
                  | Slings <-> Throwing
  6156 | D:11     | Irenicus: ?? cross training [2
  6156 | D:11     | beem: cross training[2/2]: Training the weapon skill you
                  | want is always 150% more efficient than training one that
                  | crosstrains with it, unless you have a manual for the other
                  | skill in which case it's STILL 25% more efficient.
                  | Aptitudes do not affect this at all.
  6281 | D:11     | Reached XP level 12. HP: 88/88 MP: 4/22
  6331 | D:11     | Reached skill level 4 in Shields
  6609 | D:11     | Reached skill level 6 in Conjurations
  6647 | D:12     | Found a portal to a secret trove of treasure.
  6764 | D:12     | Reached skill level 7 in Conjurations
  6837 | D:12     | Noticed a two-headed ogre
  6857 | D:12     | Killed a two-headed ogre
  6882 | D:12     | Found a staircase to the Orcish Mines.
  6883 | D:12     | Noticed a five-headed hydra
  6963 | D:12     | Noticed a two-headed ogre
  7022 | D:12     | Found a basalt altar of Yredelemnul.
  7111 | D:12     | Reached skill level 1 in Fighting
  7129 | D:12     | Reached skill level 2 in Fighting
  7242 | D:12     | Killed a two-headed ogre
  7242 | D:12     | Reached skill level 3 in Fighting
  7242 | D:12     | Reached skill level 10 in Spellcasting
  7306 | D:12     | Lost mutation: Your body sometimes deteriorates upon taking
                  | damage. [potion of mutation]
  7306 | D:12     | Lost mutation: You are partially covered in molten scales.
                  | (AC +2) [potion of mutation]
  7306 | D:12     | Lost mutation: Your magical capacity is low. (-10% MP)
                  | [potion of mutation]
  7306 | D:12     | Lost mutation: You have a pair of small horns on your head.
                  | [potion of mutation]
  7306 | D:12     | Gained mutation: You evolve. [potion of mutation]
  7306 | D:12     | Gained mutation: You have a pair of small horns on your
                  | head. [potion of mutation]
  7306 | D:12     | Gained mutation: You are robust. (+10% HP) [potion of
                  | mutation]
  7332 | D:12     | Learned a level 4 spell: Petrify
  7354 | D:12     | Killed a five-headed hydra
  7354 | D:12     | Reached skill level 1 in Transmutations
  7398 | D:13     | Reached skill level 2 in Transmutations
  7442 | D:13     | Reached skill level 1 in Short Blades
  7444 | D:13     | Got a shimmering plate armour
  7484 | D:13     | Reached skill level 2 in Short Blades
  7537 | D:13     | Reached skill level 3 in Short Blades
  7554 | D:13     | Noticed a tengu warrior
  7564 | D:13     | Killed a tengu warrior
  7564 | D:13     | Reached skill level 4 in Short Blades
  7614 | D:13     | Noticed a two-headed ogre
  7633 | D:13     | Killed a two-headed ogre
  7633 | D:13     | Reached skill level 3 in Transmutations
  7648 | D:13     | Reached XP level 13. HP: 81/113 MP: 1/27
  7667 | D:13     | Reached skill level 4 in Transmutations
  7695 | D:13     | HP: 25/113 [centaur warrior (8)]
  7696 | D:13     | Reached skill level 5 in Transmutations
  7788 | Orc:1    | Entered Level 1 of the Orcish Mines
  7888 | Orc:1    | HP: 28/113 [orc priest/divine providence (8)]
  7919 | Orc:1    | Reached ****** piety under Makhleb
  7967 | Orc:1    | Reached skill level 3 in Translocations
  8174 | Orc:2    | Entered Level 2 of the Orcish Mines
  8288 | Orc:2    | Found Kurhu's Antique Weapon Shop.
  8295 | Orc:2    | Irenicus: ?? katana
  8295 | Orc:2    | beem: autumn katana[1/1]: (long blades; +3 acc / 13 dam /
                  | 1.2 base delay / 0.6 min delay; one handed). A +8 vorpal
                  | katana {clarity} that didn't get the news about katana
                  | removal.
  8299 | Orc:2    | Found a staircase to the Elven Halls.
  8325 | Orc:2    | Noticed Saint Roka
  8337 | Orc:2    | Reached skill level 4 in Translocations
  8367 | Orc:2    | Found Raegoe's Assorted Antiques.
  8375 | Orc:2    | Bought a scroll labeled VAFERA LUEGU for 33 gold pieces
  8375 | Orc:2    | Bought a gilded ring for 165 gold pieces
  8375 | Orc:2    | Bought a pair of fine gloves for 313 gold pieces
  8375 | Orc:2    | Bought a scroll labeled HUYNAA OCKACYK for 33 gold pieces
  8375 | Orc:2    | Bought a scroll labeled PUOB XISUPPULE for 33 gold pieces
  8385 | Orc:2    | Identified the +1 pair of gloves "Meny Hyur" {rF+ Int+7
                  | Stlth+} (You bought it in a shop on level 2 of the Orcish
                  | Mines)
  8435 | Orc:2    | Found Lasseb's Magic Scroll Emporium.
  8458 | Orc:2    | Bought a scroll of blinking for 112 gold pieces
  8458 | Orc:2    | Bought a scroll of teleportation for 45 gold pieces
  8458 | Orc:2    | Irenicus: ?? trove
  8458 | Orc:2    | beem: treasure trove[1/4]: For a price, you get some loot!
                  | Usually you get 16 items, some of which may be created
                  | using the acquirement code.
  8740 | Orc:1    | Irenicus: ?? X
  8740 | Orc:1    | beem: x[1/4]: x e(x)amines a creature or other tile in
                  | detail. X e(X)plores the map without moving the character.
                  | x and X represent "abominations" of various descriptions.
  8740 | Orc:1    | Irenicus: ?? x [2
  8740 | Orc:1    | beem: abomination[1/1]: A hideous undead form. Lightred x;
                  | uppercase (large) abominations are much stronger. Mostly an
                  | Abyss spawn, or in Pan as Executioner bands members.
  8740 | Orc:1    | Irenicus: ??examine
  8740 | Orc:1    | beem: I don't have a page labeled examine in my learndb.
  8740 | Orc:1    | Irenicus: ?? examine
  8740 | Orc:1    | beem: I don't have a page labeled examine in my learndb.
  8943 | Orc:1    | Reached skill level 14 in Earth Magic
  9042 | Orc:2    | HP: 18/113 [Saint Roka/divine providence (11)]
  9047 | Orc:2    | Killed Saint Roka
  9047 | Orc:2    | Reached skill level 12 in Stealth
  9071 | Orc:2    | HP: 13/113 [sun demon[an orc high priest] (17)]
  9152 | Orc:2    | Reached skill level 2 in Evocations
  9158 | Orc:2    | HP: 20/113 [orc priest/divine providence (12)]
  9174 | Orc:2    | HP: 14/113 [orc priest/divine providence (10)]
  9361 | Orc:2    | Reached skill level 6 in Transmutations
  9571 | Orc:2    | Found Zuok's Antique Armour Shop.
  9571 | Orc:2    | Found Ufebet's Antique Armour Shop.
  9572 | Orc:2    | Found Ping's Weapon Boutique.
  9572 | Orc:2    | Found Pugyetz's Book Shop.
  9741 | D:12     | You paid a toll of 4 scrolls of blinking to enter a
                  | treasure trove
  9742 | Trove    | Entered a treasure trove
  9748 | Trove    | Found the +3 salamander hide armour {Flames rF++ rC--}
  9765 | Trove    | Got a citrine-studded ring mail
  9765 | Trove    | Got a polished hat
  9765 | Trove    | Got a pitted wooden ring
  9765 | Trove    | Got a scorched bronze ring
  9765 | Trove    | Got a smoking copper ring
  9771 | Trove    | Identified the +2 hat "Jing" {rF++ Str+5 Int-4} (You found
                  | it in a treasure trove)
  9791 | Trove    | Identified the +0 ring mail of Vexation {Harm MR+ Str+4}
                  | (You found it in a treasure trove)
  9801 | Trove    | Identified the +9 plate armour "Kuis" {MR- Str+2 Int+4
                  | Dex+5} (You found it on level 13 of the Dungeon)
  9812 | Trove    | Identified the ring of the Cockroach {+Fly rC+} (You found
                  | it in a treasure trove)
  9814 | Trove    | Identified the ring of Juny {rElec Str+4 Int-2 Slay+4} (You
                  | found it in a treasure trove)
  9818 | Trove    | Identified the ring of Liberty {MR+ Dex+7 Slay-2} (You
                  | found it in a treasure trove)
  9947 | Lair:1   | Entered Level 1 of the Lair of Beasts
 10005 | Lair:1   | Reached skill level 7 in Transmutations
 10098 | Lair:1   | Found a gate leading to a gauntlet.
 10120 | Gauntlet | Entered a Gauntlet
 10120 | Gauntlet | Found a transporter.
 10120 | Gauntlet | Found a transporter.
 10124 | Gauntlet | Found a transporter.
 10131 | Gauntlet | Found a transporter.
 10147 | Gauntlet | Found a transporter.
 10149 | Gauntlet | Found a transporter.
 10153 | Gauntlet | Found a transporter.
 10154 | Gauntlet | Found a large runed translucent door.
 10155 | Gauntlet | Found a large runed translucent door.
 10156 | Gauntlet | Found a large runed translucent door.
 10156 | Gauntlet | Found a large runed translucent door.
 10157 | Gauntlet | Found a runed translucent gate.
 10157 | Gauntlet | Found a large runed translucent door.
 10157 | Gauntlet | Found a large runed translucent door.
 10157 | Gauntlet | Found a runed translucent door.
 10158 | Gauntlet | Found a large runed translucent door.
 10159 | Gauntlet | Found a large runed translucent door.
 10160 | Gauntlet | Found a runed translucent gate.
 10160 | Gauntlet | Found a transporter.
 10161 | Gauntlet | Found a transporter.
 10164 | Gauntlet | Found a runed translucent gate.
 10165 | Gauntlet | Found a large runed translucent door.
 10166 | Gauntlet | Found a large runed translucent door.
 10167 | Gauntlet | Found a large runed translucent door.
 10220 | Gauntlet | Found a transporter.
 10227 | Gauntlet | Found a transporter.
 10281 | Gauntlet | Got a pitted marble ring
 10284 | Gauntlet | Identified the ring "Oraeroas" {+Fly Str+3} (You found it
                  | in a Gauntlet)
 10290 | Gauntlet | Found a transporter.
 10299 | Gauntlet | Found a transporter.
 10317 | Gauntlet | Got a sparkling copper ring
 10329 | Gauntlet | Identified the cursed ring "Niyxzod" {rElec rF+ EV-4 Int+3
                  | SInv} (You found it in a Gauntlet)
 10341 | Gauntlet | Identified the +7 tower shield of Fyckofyd {rC+ rN+ Regen+}
 10341 | Gauntlet | Noticed a minotaur
 10348 | Gauntlet | Killed a minotaur
 10348 | Gauntlet | Reached skill level 8 in Transmutations
 10358 | Gauntlet | Got a bloodstained hat
 10364 | Gauntlet | Identified the +0 hat "Suaverr" {rPois MR+ Dex+3} (You
                  | found it in a Gauntlet)
 10369 | Gauntlet | Identified the Handbook of Feathery Confrontation
 10374 | Gauntlet | Identified 4 scrolls of acquirement
 10374 | Gauntlet | Acquired 819 gold pieces
 10381 | Gauntlet | Irenicus: ?? gauntlet
 10381 | Gauntlet | beem: gauntlet[1/3]: A new portal in 0.23 that replaces the
                  | {labyrinth}. Players choose a path to fight through combat
                  | arenas with monsters and loot before fighting the
                  | {minotaur} for its hoard. Access to each arena is one-way
                  | through transporters until the minotaur and exit are
                  | reached. Players can't teleport or use {passage of
                  | golubria}, but other translocations work normally.
 10472 | Lair:1   | Gained mutation: You resist negative energy. (rN+) [Deep
                  | Dwarf growth]
 10472 | Lair:1   | Reached XP level 14. HP: 122/122 MP: 28/28
 10665 | Lair:2   | Lost mutation: You evolve. [end of evolution]
 10703 | Lair:2   | Reached skill level 15 in Earth Magic
 10973 | Lair:2   | Reached skill level 16 in Earth Magic
 11177 | Lair:3   | Irenicus: ??vorpal
 11177 | Lair:3   | beem: vorpal[1/3]: A weapon brand which increases weapon
                  | damage by 16.7% on average.
 11271 | Lair:3   | Found a staircase to the Shoals.
 11400 | Lair:3   | Irenicus: ?? shield
 11400 | Lair:3   | beem: shield[1/5]: Wearing a shield gives you a chance to
                  | block all damage from some attacks, including arrows,
                  | melee, and some spells. Shields prevent off-hand attacks,
                  | and until you have enough skill they also slow your melee
                  | attacks and make it harder to cast spells.
 11449 | Lair:3   | You fall into a shaft and drop 3 floors!
 11449 | Lair:6   | Entered Level 6 of the Lair of Beasts
 11492 | Lair:6   | Reached skill level 17 in Earth Magic
 11690 | Lair:6   | Found a runed translucent door.
 11691 | Lair:6   | Found a shimmering altar of Xom.
 11691 | Lair:6   | Noticed Omnoiq's ghost (journeyman DrIE)
 11728 | Lair:6   | Reached skill level 18 in Earth Magic
 11729 | Lair:6   | Killed Omnoiq's ghost
 11777 | Lair:6   | Paralysed by a hornet for 1 turns
 12059 | Lair:6   | Reached skill level 19 in Earth Magic
 12124 | Lair:6   | Reached XP level 15. HP: 128/128 MP: 29/29
 12250 | Lair:5   | Identified the cursed +0 robe of Absolutism {Str+2} (You
                  | found it on level 5 of the Lair of Beasts)
 12403 | Lair:5   | Noticed Snorg
 12415 | Lair:5   | Killed Snorg
 12558 | Lair:5   | Found a staircase to the Slime Pits.
 12602 | Lair:5   | Irenicus: ?? salamandar
 12602 | Lair:5   | beem: salamandar ~ salamander[1/2]: Fire immune creature
                  | that spawns in Snake. Has AF_FIRE attacks and rC-. See also
                  | {salamander mystic}, {salamander firebrand}, {salamander
                  | stormcaller}, or the experimental {salamander species}.
 12602 | Lair:5   | Irenicus: ?? salamander
 12602 | Lair:5   | beem: salamander[1/2]: Fire immune creature that spawns in
                  | Snake. Has AF_FIRE attacks and rC-. See also {salamander
                  | mystic}, {salamander firebrand}, {salamander stormcaller},
                  | or the experimental {salamander species}.
 12602 | Lair:5   | Irenicus: ?? salamander[2
 12602 | Lair:5   | beem: salamander[2/2]: In 0.13 and earlier they would not
                  | leave the lava, and Xom would swap your weapon with theirs
                  | and screw you.
 12602 | Lair:5   | Irenicus: ?? salamander armour
 12602 | Lair:5   | beem: I don't have a page labeled salamander_armour in my
                  | learndb.
 12602 | Lair:5   | Irenicus: ?? salamander armor
 12602 | Lair:5   | beem: I don't have a page labeled salamander_armor in my
                  | learndb.
 12602 | Lair:5   | Irenicus: ?? salamander leather
 12602 | Lair:5   | beem: I don't have a page labeled salamander_leather in my
                  | learndb.
 12602 | Lair:5   | Irenicus: ?? salamander hide
 12602 | Lair:5   | beem: salamander hide armour[1/1]: A +3 leather armour,
                  | rF++, evocable berserk.
 12662 | Lair:5   | Reached skill level 20 in Earth Magic
 12928 | Lair:4   | Found a staircase to the Snake Pit.
 13026 | Lair:4   | You fall into a shaft and drop 2 floors!
 13140 | Lair:4   | Reached skill level 21 in Earth Magic
 13255 | Snake:1  | Entered Level 1 of the Snake Pit
 13287 | Snake:1  | Reached skill level 5 in Shields
 13392 | Snake:1  | Reached skill level 6 in Shields
 13569 | Snake:1  | Reached skill level 7 in Shields
 13688 | Snake:1  | Identified the cursed +0 trident "Dukkieci" {drain, rC+ MR-
                  | Int+4}
 13733 | Snake:1  | Reached skill level 8 in Shields
 13849 | Snake:1  | Reached XP level 16. HP: 136/136 MP: 30/30
 13917 | Snake:2  | Noticed Kirke
 13930 | Snake:2  | Killed Kirke
 13930 | Snake:2  | Reached skill level 9 in Shields
 13944 | Snake:2  | Reached skill level 10 in Shields
 13949 | Snake:2  | HP: 21/136 [shock serpent (14)]
 13949 | Snake:2  | HP: 10/136 [shock serpent (11)]
 13949 | Snake:2  | HP: 1/136 [shock serpent/electric aura (9)]
 13965 | Snake:2  | HP: 29/136 [nagaraja/+0 spear (11)]
 13976 | Snake:2  | Reached skill level 11 in Shields
 14041 | Snake:2  | Identified the ring of Moodiness {rF+ MR- Dex+10 SInv} (You
                  | found it on level 2 of the Snake Pit)
 14254 | Snake:2  | Learned a level 6 spell: Statue Form
 14411 | Snake:3  | Reached skill level 12 in Shields
 14620 | Snake:3  | Reached skill level 13 in Shields
 14807 | Snake:3  | Reached skill level 14 in Shields
 14889 | Snake:4  | Entered Level 4 of the Snake Pit
 15011 | Snake:4  | Reached XP level 17. HP: 90/143 MP: 4/30
 15013 | Snake:4  | Reached skill level 15 in Shields
 15056 | Snake:4  | Reached skill level 16 in Shields
 15348 | Snake:4  | Reached skill level 17 in Shields
 15384 | Snake:4  | Got a serpentine rune of Zot
 15672 | Snake:4  | Reached skill level 18 in Shields
 15865 | Shoals:1 | Entered Level 1 of the Shoals
 16016 | Shoals:1 | Found a frozen archway.
 16042 | IceCv    | Entered an ice cave
 16216 | Shoals:1 | Noticed Aizul
 16231 | Shoals:1 | Noticed Louise
 16253 | Shoals:1 | Killed Aizul
 16253 | Shoals:1 | Gained mutation: You passively map a large area around you.
                  | [Deep Dwarf growth]
 16253 | Shoals:1 | Reached XP level 18. HP: 143/152 MP: 3/31
 16270 | Shoals:1 | Killed Louise
 16306 | Shoals:1 | Reached skill level 19 in Shields
 16382 | Shoals:2 | Noticed Ilsuiw
 16402 | Shoals:2 | Killed Ilsuiw
 16421 | Shoals:2 | HP: 31/152 [water nymph/the raging water (26)]
 16524 | Shoals:2 | Noticed Jorgrun
 16531 | Shoals:2 | Killed Jorgrun
 16772 | Shoals:3 | Reached skill level 20 in Shields
 16881 | Shoals:4 | Entered Level 4 of the Shoals
 16884 | Shoals:4 | Noticed Nikola
 16930 | Shoals:4 | Killed Nikola
 17016 | Shoals:4 | HP: 33/152 [water nymph/the raging water (22)]
 17017 | Shoals:4 | HP: 13/152 [merfolk impaler/+0 trident (21)]
 17017 | Shoals:4 | Killed from afar by a water nymph

Illustrated notes

Levels and vault maps discovered:
D:1:      nicolae_arrival_memento_mori, layout_basic, hex_tiny,
          minmay_door_square, chequers_serial_rivers_micro_a, hex_intersection
D:2:      layout_loops_corners
D:3:      layout_basic, chequers_temple_overflow_statue_of_worship,
          serial_glass, glass_columns_a, glass_columns_a, glass_columns_b,
          glass_columns_a, glass_columns_a, glass_columns_a, glass_columns_a,
          glass_columns_a, glass_columns_a, glass_columns_a,
          chequers_decorated_corner
D:4:      layout_basic, makhleb_blood_cavern_becter
D:5:      layout_loops_corners, eino_small_chamber_without_monster
D:6:      layout_cave_pools, minmay_temple_entry_trees, serial_gnoll_camp,
          gnoll_camp_mini_hut, gnoll_camp_mini_doghouse,
          gnoll_camp_mini_sergeant, gnoll_camp_mini_hut, uniq_menkaure,
          uniq_sigmund
D:7:      layout_cave_pods, nicolae_ossuary_entry_catacombs
D:8:      layout_cave_pools, ploomutoo_gammafunk_ghost_potion_laboratory
D:9:      layout_cave_pools, marbit_many_paths, nemelex_dance_club_becter
D:10:     minmay_the_grid_plus [minmay_the_grid_empty, minmay_the_grid_tri_star,
          minmay_the_grid_rooms, minmay_the_grid_stretched_grid,
          minmay_the_grid_prize_inner_circle], layout_stronghold,
          erik_lair_orcish_takeover
D:11:     minmay_separated_statues, layout_irregular_city,
          ebering_ghost_inner_flame, serial_shops, shop
D:12:     layout_irregular_city, orc_0_dummy, basic_altar,
          nicolae_trove_entry_free_sample
D:13:     layout_roguey, hangedman_vaults_entry_quadrant_bands,
          hangedman_decor_clover_reticule, kennysheep_small_circle
Temple:   dpeg_five_rooms_temple
Lair:1:   lemuel_slime, layout_big_grid, gauntlet_entry_generic,
          minmay_hedge_maze
Lair:2:   hangedman_what_comes_after_a, layout_concentric_octagons
Lair:3:   cheibrodos_lair_overgrown_chateau, layout_regular_city,
          minmay_shoals_entry_centaurs, minivault_29
Lair:4:   layout_small_grid, minmay_snake_entry_guardpost_small,
          serial_bayou_shore_b, grunt_megastairs_4
Lair:5:   layout_cave_pods, minmay_slime_entry_pillars,
          grunt_forest_large_clearings, grunt_megastairs_1, uniq_snorg
Lair:6:   minmay_lair_end_enchanted_forest, layout_regular_city,
          ebering_ghost_xom, ice2_lemuel
Shoals:1: layout_shoals, portal_ice_cave_entry_ugly_swarm, uniq_aizul,
          uniq_louise
Shoals:2: layout_shoals, abandoned_shop, uniq_ilsuiw, uniq_jorgrun
Shoals:3: layout_shoals, nicolae_shoals_aquamancer_cove
Shoals:4: shoals_end_simple, layout_shoals, shoals_ilsuiw_alternative,
          uniq_nikola
Snake:1:  nicolae_snakescales, layout_layer_cave
Snake:2:  layout_honeycomb, nicolae_snake_salamander_stairs, uniq_kirke
Snake:3:  layout_chambers
Snake:4:  johnstein_snake_rune_scales, layout_layer_cave, serial_bayou_shore_a,
          grunt_megastairs_2
Orc:1:    layout_caves
Orc:2:    st_orc_pillars, layout_diamond_mine, serial_shops,
          nicolae_shop_behind_doors, shop_statue, nicolae_shop_trees,
          enter_volcano_2, uniq_saint_roka

Skill      XL: |  1  2  3  4  5  6  7  8  9 10 11 12 13 14 15 16 17 18 |
---------------+-------------------------------------------------------+-----
Spellcasting   | 2 3 5 7 9 10 | 10.2
Earth Magic    | 5 6 7 9 10 11 12 13 14 19 21 | 21.5
Conjurations   | 3 5 7 |  7.1
Stealth        | 5 8 10 12 | 12.2
Dodging        | 5 9 |  9.0
Translocations | 2 4 |  4.1
Shields        | 3 4 8 14 18 20 | 20.6
Fighting       | 3 |  3.2
Transmutations | 3 8 |  8.0
Short Blades   | 4 |  4.1
Evocations     | 2 |  2.1

Action                   |  1- 3 |  4- 6 |  7- 9 | 10-12 | 13-15 | 16-18 || total
-------------------------+-------+-------+-------+-------+-------+-------++-------
Melee: Short sword       |    16 |       |       |       |       |       ||    16
       Dagger            |     6 |    12 |   197 |   217 |   195 |       ||   627
       Headbutt          |       |     1 |    44 |    54 |   133 |   112 ||   344
       Quick blade       |       |       |       |       |   321 |   195 ||   516
       Staff             |       |       |       |       |       |   188 ||   188
 Cast: Sandblast         |    54 |    50 |   136 |   113 |   196 |    80 ||   629
       Passwall          |     3 |     5 |     6 |    16 |    19 |    29 ||    78
       Stone Arrow       |       |       |    38 |    92 |     6 |     2 ||   138
       Lee's Rapid Decon |       |       |       |    27 |    27 |    28 ||    82
       Petrify           |       |       |       |     5 |    80 |    49 ||   134
       Apportation       |       |       |       |     1 |    38 |    56 ||    95
       Iron Shot         |       |       |       |       |     1 |    22 ||    23
       Blink             |       |       |       |       |     1 |       ||     1
 Abil: Evoke Flight      |       |       |       |       |     1 |       ||     1
       Heal Wounds       |       |       |       |       |       |     1 ||     1
Evoke: Wand              |       |       |       |    14 |    29 |     1 ||    44
       Phial of floods   |       |       |       |     1 |     1 |       ||     2
       Condenser vane    |       |       |       |       |     2 |       ||     2
       Tin of tremorston |       |       |       |       |       |     7 ||     7
       Lightning rod     |       |       |       |       |       |     1 ||     1
  Use: Scroll            |       |     4 |    11 |     5 |    19 |    10 ||    49
       Potion            |       |     4 |     3 |     1 |     5 |       ||    13
 Stab: Sleeping          |       |     1 |     6 |    23 |     3 |       ||    33
       Petrified         |       |       |       |    12 |    54 |    56 ||   122
       Petrifying        |       |       |       |       |    20 |     8 ||    28
       Distracted        |       |       |       |       |       |     1 ||     1
Armor: Robe              |    15 |       |       |       |       |       ||    15
       Leather armour    |     3 |     4 |    45 |    15 |    53 |    94 ||   214
       Skin              |       |       |    17 |       |       |       ||    17
       Troll leather arm |       |       |       |    46 |     8 |       ||    54
Dodge: Dodged            |    38 |    13 |   142 |   250 |   429 |   358 ||  1230
       Repelled          |       |       |       |     1 |     6 |    57 ||    64
Block: Buckler           |       |       |       |    50 |   403 |   464 ||   917
       Reflection        |       |       |       |       |    16 |   145 ||   161
       Tower shield      |       |       |       |       |       |   367 ||   367

Table legend: (Time is in decaauts)
 A = Elapsed time spent in this place.
 B = Non-inter-level travel time spent in this place.
 C = Inter-level travel time spent in this place.
 D = Time resting spent in this place.
 E = Time spent auto-exploring this place.
 F = Levels seen in this place.
 G = Mean time per level.
                   A        B        C        D        E       F      G
               +--------+--------+--------+--------+--------+-----+--------+
         Total |  16810 |  16432 |    378 |     39 |      0 |  34 |  494.4 |
       Dungeon |   7345 |   7249 |     96 |     30 |      0 |  13 |  565.0 |
        Temple |      1 |      1 |      0 |      0 |      0 |   1 |    1.0 |
          Lair |   2964 |   2867 |     97 |      0 |      0 |   6 |  494.0 |
        Shoals |   1060 |   1060 |      0 |      0 |      0 |   4 |  265.0 |
     Snake Pit |   2477 |   2358 |    119 |      0 |      0 |   4 |  619.2 |
  Orcish Mines |   1878 |   1812 |     66 |      9 |      0 |   2 |  939.0 |
         Trove |     92 |     92 |      0 |      0 |      0 |   1 |   92.0 |
       Ossuary |    570 |    570 |      0 |      0 |      0 |   1 |  570.0 |
      Ice Cave |    147 |    147 |      0 |      0 |      0 |   1 |  147.0 |
      Gauntlet |    271 |    271 |      0 |      0 |      0 |   1 |  271.0 |
               +--------+--------+--------+--------+--------+-----+--------+

Top non-repeatable levels by time:
   Orc:2: 1418 daAuts
    D:10: 898 daAuts
    D:12: 828 daAuts
 Snake:4: 786 daAuts
  Lair:6: 746 daAuts
    D:11: 741 daAuts
     D:7: 728 daAuts
 Snake:1: 621 daAuts
 Snake:3: 599 daAuts
 Ossuary: 570 daAuts
  Lair:5: 564 daAuts
     D:6: 557 daAuts
     D:1: 528 daAuts
  Lair:2: 504 daAuts
     D:4: 498 daAuts

Table legend:
 A = Kills in this place as a percentage of kills in entire the game.
 B = Kills by you in this place as a percentage of kills by you in the entire game.
 C = Kills by friends in this place as a percentage of kills by friends in the entire game.
 D = Other kills in this place as a percentage of other kills in the entire game.
 E = Experience gained in this place as a percentage of experience gained in the entire game.
 F = Experience gained in this place divided by the number of levels of this place that you have seen.
                   A       B       C       D       E      F
               +-------+-------+-------+-------+-------+----------------------
         Total | 100.0 | 100.0 |   N/A | 100.0 | 100.0 | 9937.6
       Dungeon |  26.7 |  26.8 |   N/A |   0.0 |  11.6 | 3022.2
          Lair |  26.8 |  26.9 |   N/A |   0.0 |  20.0 | 11260.0
        Shoals |   7.9 |   7.8 |   N/A |  40.0 |  17.7 | 14924.8
     Snake Pit |  22.9 |  22.7 |   N/A |  60.0 |  41.8 | 35303.5
  Orcish Mines |  10.4 |  10.4 |   N/A |   0.0 |   5.4 | 9078.0
       Ossuary |   2.9 |   2.9 |   N/A |   0.0 |   0.3 | 1181.0
      Ice Cave |   1.8 |   1.9 |   N/A |   0.0 |   2.2 | 7455.0
      Gauntlet |   0.6 |   0.6 |   N/A |   0.0 |   1.0 | 3326.0
               +-------+-------+-------+-------+-------+----------------------
